 Dungeon Crawl Stone Soup version 0.23-a0-389-g4a5eb33 (webtiles) character file.

49 MisterFreud the Skirmisher (level 3, -2/36 HPs)
             Began as a Minotaur Abyssal Knight on Oct 29, 2018.
             Was a Believer of Lugonu.
             Slain by an iguana (6 damage)
             ... on level 2 of the Dungeon.
             The game lasted 00:01:50 (940 turns).

MisterFreud the Skirmisher (Minotaur Abyssal Knight) Turns: 940, Time: 00:01:51

Health: -2/36      AC:  3    Str: 22    XL:     3   Next: 53%
Magic:  3/3        EV: 11    Int: 14    God:    Lugonu [**....]
Gold:   83         SH:  0    Dex:  9    Spells: 2/2 levels left

rFire    . . .     SeeInvis .   a - +1 falchion
rCold    . . .     Gourm    .   (no shield)
rNeg     . . .     Faith    .   b - +0 leather armour
rPois    .         Spirit   .   (helmet restricted)
rElec    .         Reflect  .   (no cloak)
rCorr    .         Harm     .   (no gloves)
MR       .....                  (no boots)
Stlth    +.........             (no amulet)
HPRegen  0.12/turn              (no ring)
MPRegen  0.08/turn              (no ring)

@: mighty, brilliant, flying
A: retaliatory headbutt, horns 2
a: Depart the Abyss, Bend Space, Renounce Religion


You were on level 2 of the Dungeon.
You worshipped Lugonu.
Lugonu was pleased with you.
You were not hungry.

You visited 1 branch of the dungeon, and saw 2 of its levels.
You visited the Abyss 1 time.

You collected 83 gold pieces.

Inventory:

Hand Weapons
 a - a +1 falchion (weapon)
Missiles
 g - 50 stones (quivered)
 i - 14 poisoned needles
 j - 13 sling bullets
 m - 15 bolts
 t - 35 arrows
Armour
 b - a +0 leather armour (worn)
Scrolls
 e - 3 scrolls of identify {unknown}
 k - a scroll of remove curse {unknown}
 l - a scroll of enchant weapon {unknown}
 q - a scroll of fear {unknown}
 r - a scroll of blinking {unknown}
 s - a scroll of amnesia {unknown}
Potions
 f - a potion of flight
 h - 2 potions of might
 o - a potion of resistance {unknown}
 p - a potion of haste {unknown}
Comestibles
 c - 3 rations


   Skills:
 * Level 5.6 Fighting
 - Level 2.4 Long Blades
 - Level 2.4 Armour
 - Level 1.1 Dodging
 - Level 1.7 Invocations


You had 2 spell levels left.
You didn't know any spells.
Your spell library was empty.

Dungeon Overview and Level Annotations

Branches:
Dungeon (2/15)

Altars:


Innate Abilities, Weirdness & Mutations

You reflexively headbutt those who attack you in melee.
You have a pair of horns on your head.


Message History

Lugonu accepts your kill. The iguana bites you.
You aren't carrying any items that you can evoke.
Okay, then.
Unknown command.
You hit the iguana but do no damage. The iguana bites you!
* * * LOW HITPOINT WARNING * * *
It was a potion of might.
You feel very mighty all of a sudden. The iguana bites you.
* * * LOW HITPOINT WARNING * * *
It was a potion of flight.
You feel very buoyant.
You fly up into the air.
The iguana barely misses you.
You riposte.
You slash the iguana!
The iguana is heavily wounded.
It was a potion of brilliance.
You feel clever all of a sudden. The iguana bites you.
You die...

#.## #)#.## #. ......
#..... #. #..#.# ##..##
#..#..#.# ........
##..#..#.##### #.###.##
#............. ### #.#
#..# #..#... ...#.# #..#
#..#.######.###.#.###..#
#....sl@................
#.%..######.###.#.###.#.
#..### #.###.....#.#.
#..# ###.............
#..# #.............#.
#..# #.#....)..#...#.
#..# #.#.....#.#.....
#..# #.#.#####.#..#..
##.######.#)#####.#..#..


You could see an iguana and a giant cockroach.

Vanquished Creatures
  3 oozes
  2 leopard geckos (D:1)
  A ball python (D:2)
  2 giant cockroaches
  7 goblins
  3 hobgoblins
  7 bats
  3 frilled lizards
  3 kobolds
  A rat (D:1)
32 creatures vanquished.

Notes
Turn   | Place    | Note
-------+----------+-------------------------------------------
     0 | Abyss:1  | MisterFreud the Minotaur Abyssal Knight began the quest for
                  | the Orb.
     0 | Abyss:1  | Reached XP level 1. HP: 19/19 MP: 1/1
     5 | D:1      | Escaped the Abyss
   116 | D:1      | Reached skill level 4 in Fighting
   350 | D:1      | Reached XP level 2. HP: 28/28 MP: 2/2
   483 | D:1      | Reached skill level 5 in Fighting
   487 | D:1      | Reached XP level 3. HP: 28/36 MP: 3/3
   811 | D:2      | Reached ** piety under Lugonu
   940 | D:2      | Slain by an iguana

Vault maps used:
D:1:      erik_arrival_triangle_small
D:2:      lemuel_crystal_altar, first_ration, uniq_crazy_yiuf_cottage

Skill      XL: |  1  2 |
---------------+-------+-----
Fighting       | 4 5 |  5.6
Long Blades    | |  2.4
Armour         | |  2.4
Dodging        | |  1.1
Invocations    | |  1.7

Action                   || total
-------------------------++-------
Melee: Falchion          ||    67
       Headbutt          ||     5
  Use: Potion            ||     3
Armor: Leather armour    ||    10
Dodge: Dodged            ||    46
       Rpst.: Falchion   ||     8

Table legend:
 A = Non-vault XP
 B = Vault XP
 C = Vault XP percentage of total XP
 D = Non-vault monster count
 E = Vault monster count
 F = Vault count percentage of total count
                 A         B        C        D         E       F
            +---------+---------+-------+---------+---------+-------
      Total |      71 |       0 |   0.0 |      32 |       0 |   0.0
            +---------+---------+-------+---------+---------+-------
        D:1 |      47 |       0 |   0.0 |      22 |       0 |   0.0
        D:2 |      24 |       0 |   0.0 |      10 |       0 |   0.0
            +---------+---------+-------+---------+---------+-------
